 Dungeon Crawl Stone Soup version 0.21-a0-506-ga0ee87aef2 (webtiles) character file.

221 Kublaii the Skirmisher (level 5, -1/48 HPs)
             Began as a Hill Orc Fighter on Nov 27, 2017.
             Slain by a centaur
             ... wielding a cursed -1 shortbow
              (2 damage)
             ... on level 3 of the Dungeon.
             The game lasted 00:13:46 (2079 turns).

Kublaii the Skirmisher (Hill Orc Fighter)           Turns: 2079, Time: 00:13:47

Health: -1/48      AC: 10    Str: 25    XL:     5   Next: 98%
Magic:  5/5        EV: 10    Int:  8    God:
Gold:   137        SH:  0    Dex: 10    Spells: 4/4 levels left

rFire    . . .     SeeInvis .   a - +0 trident
rCold    . . .     Gourm    .   (no shield)
rNeg     . . .     Faith    .   u - +0 scale mail
rPois    .         Spirit   .   v - +0 helmet
rElec    .         Reflect  .   w - +0 cloak
rCorr    .         Harm     .   h - +0 pair of gloves
MR       .....                  (no boots)
Stlth    ..........             (no amulet)
HPRegen  0.16/turn              (no ring)
MPRegen  0.09/turn              (no ring)

@: mighty
A: no striking features
a: no special abilities


You were on level 3 of the Dungeon.
You were not hungry.

You visited 1 branch of the dungeon, and saw 3 of its levels.

You collected 137 gold pieces.

Inventory:

Hand Weapons
 a - a +0 trident (weapon)
 b - a +0 hunting sling
Missiles
 j - 7 steel tomahawks (quivered)
 k - 116 stones
Armour
 h - a +0 pair of gloves (worn)
 u - a +0 scale mail (worn)
 v - a +0 helmet (worn)
 w - a +0 cloak (worn)
Scrolls
 c - a scroll of noise {unknown}
 e - 4 scrolls of immolation {unknown}
 i - a scroll of enchant armour {unknown}
 l - 2 scrolls of remove curse
 o - 2 scrolls of teleportation {unknown}
 q - 2 scrolls of fear {unknown}
 r - 2 scrolls of amnesia {unknown}
 s - 4 scrolls of identify {unknown}
Potions
 n - 2 potions of degeneration {unknown}
 p - a potion of lignification {unknown}
 t - a potion of heal wounds {unknown}
Comestibles
 f - 3 bread rations
 g - 10 fruits
 m - 3 royal jellies
 x - 2 chunks of flesh


   Skills:
 + Level 5.5 Fighting
 + Level 4.8 Polearms
 - Level 4.0 Armour
   Level 3.2 Shields


You had 4 spell levels left.
You didn't know any spells.

Dungeon Overview and Level Annotations

Branches:
Dungeon (3/15)

Altars:
Zin


Message History

You closely miss the centaur.
The centaur is heavily wounded.
The centaur hits you with a shortbow! The centaur hits you with a shortbow.
* * * LOW HITPOINT WARNING * * *
You hit the centaur but do no damage.
The centaur is heavily wounded.
The centaur closely misses you.
You barely miss the centaur.
The centaur is heavily wounded.
The centaur hits you with a shortbow!
* * * LOW HITPOINT WARNING * * *
The centaur barely misses you.
You feel very mighty all of a sudden.
The centaur hits you but does no damage.
You puncture the centaur!
The centaur is almost dead.
The centaur hits you with a shortbow.
* * * LOW HITPOINT WARNING * * *
The centaur hits you with a shortbow.
You die...

#†###.#####......#
#.# #.# #......#
#=# #.# #.......
#.# #.# #######.
#.# #.# #. #.# #.#
#. #(# .# ## #.# #
#@# ... ..
#####c###..... ..
#.....(....c.. .
#.#######..... ...
.


You could see a centaur.

Vanquished Creatures
  Crazy Yiuf (D:2)
  An orc wizard (D:3)
  A worker ant (D:2)
  Robin (D:2)
  2 adders
  2 worms
  3 dart slugs
  3 leopard geckos
  4 orcs (D:3)
  5 giant cockroaches
  14 goblins
  8 hobgoblins
  6 jackals
  10 kobolds
  13 bats
  5 frilled lizards
  7 rats
86 creatures vanquished.

Notes
Turn   | Place    | Note
-------+----------+-------------------------------------------
     0 | D:1      | Kublaii the Hill Orc Fighter began the quest for the Orb.
     0 | D:1      | Reached XP level 1. HP: 19/19 MP: 1/1
   115 | D:1      | Reached XP level 2. HP: 24/26 MP: 2/2
   475 | D:1      | Reached XP level 3. HP: 31/31 MP: 3/3
   693 | D:2      | Reached skill level 4 in Fighting
   807 | D:2      | Noticed Robin
   819 | D:2      | Reached XP level 4. HP: 34/40 MP: 4/4
   831 | D:2      | Killed Robin
  1074 | D:2      | Reached XP level 5. HP: 25/47 MP: 5/5
  1099 | D:2      | Found a glowing silver altar of Zin.
  1127 | D:2      | Found a runed door.
  1298 | D:2      | Noticed Crazy Yiuf
  1305 | D:2      | Killed Crazy Yiuf
  1305 | D:2      | Reached skill level 5 in Fighting
  2063 | D:3      | Noticed a centaur
  2079 | D:3      | HP: 1/48 [centaur/shortbow (5)]
  2079 | D:3      | Slain by a centaur

Vault maps used:
D:1:      minmay_arrival_three_doors
D:2:      zin_statuary, first_bread, uniq_robin, uniq_crazy_yiuf_cottage

Skill      XL: |  1  2  3  4  5 |
---------------+----------------+-----
Polearms       | 3 4 |  4.8
Armour         | 4 |  4.0
Fighting       | 4 5 |  5.5
Shields        | |  3.2

Action                   |  1- 3 |  4- 6 || total
-------------------------+-------+-------++-------
Melee: Trident           |   137 |   151 ||   288
 Fire: Hunting sling     |       |    11 ||    11
Throw: Tomahawk          |     2 |     7 ||     9
  Use: Scroll            |       |     1 ||     1
       Potion            |       |     1 ||     1
  Eat: Chunk             |       |     4 ||     4
Armor: Scale mail        |    78 |    77 ||   155
Dodge: Dodged            |    55 |    77 ||   132

Table legend:
 A = Spawn XP
 B = Non-spawn XP
 C = Spawn XP percentage of total XP
 D = Spawn monster count
 E = Non-spawn monster count
 F = Spawn count percentage of total count
 G = Total turns spent on level
                    A         B        C        D         E        F      G
               +---------+---------+-------+---------+---------+-------+---------
         Total |       0 |     316 |   0.0 |       0 |      86 |   0.0 |  2079
               +---------+---------+-------+---------+---------+-------+---------
           D:1 |       0 |      45 |   0.0 |       0 |      24 |   0.0 |   654
           D:2 |       0 |     172 |   0.0 |       0 |      39 |   0.0 |   714
           D:3 |       0 |      99 |   0.0 |       0 |      23 |   0.0 |   711
               +---------+---------+-------+---------+---------+-------+---------
